 Dungeon Crawl Stone Soup version 0.31-a0-441-g867994ef1c (webtiles) character file.

Game seed: 15659232669931033961

426 cforsyth the Charlatan (level 6, -1/42 HPs)
             Began as a Gnoll Artificer on Aug 2, 2023.
             Was a Follower of Hepliaklqana.
             Killed by divine providence
             ... invoked by an orc priest
              (13 damage)
             ... on level 4 of the Dungeon.
             The game lasted 00:07:04 (3858 turns).

cforsyth the Charlatan (Gnoll Artificer)            Turns: 3858, Time: 00:07:05

Health: -1/42      AC:  6    Str: 11    XL:     6   Next: 97%
Magic:  9/9        EV: 12    Int: 24    God:    Hepliaklqana [*.....]
Gold:   168        SH:  0    Dex: 13    Spells: 7/9 levels left

rFire   . . .        q - +0 short sword
rCold   . . .        (no shield)
rNeg    . . .        b - +0 leather armour
rPois   .            n - +0 helmet
rElec   .            (no cloak)
rCorr   .            (no gloves)
SInv    .            h - +0 pair of boots
Will    .....        v - amulet of magic regeneration
Stlth   ++           g - +6 ring of intelligence
HPRegen 0.27/turn    w - +6 ring of intelligence
MPRegen 0.51/turn

%: no passive effects
@: no status effects
A: reduced essence, fangs 1, strong nose, distributed training
a: Renounce Religion, Recall Ancestor, Ancestor Identity


You were on level 4 of the Dungeon.
You worshipped Hepliaklqana.
Hepliaklqana was aware of your devotion.
You visited 1 branch of the dungeon, and saw 4 of its levels.

You collected 168 gold pieces.

Inventory:

Hand Weapons
 a - a +0 club
 q - a +0 short sword (weapon)
Armour
 b - a +0 leather armour (worn)
 h - a +0 pair of boots (worn)
 n - a +0 helmet (worn)
 t - a +0 chain mail
Jewellery
 g - a +6 ring of intelligence (left hand)
 v - an amulet of magic regeneration (around neck)
 w - a +6 ring of intelligence (right hand)
Wands
 d - a wand of charming (14)
 e - a wand of iceblast (5)
Scrolls
 f - a scroll of vulnerability {unknown}
 i - 4 scrolls of identify {unknown}
 k - a scroll of immolation {unknown}
 p - a scroll of fear {unknown}
 s - a scroll of silence {unknown}
 u - a scroll of amnesia {unknown}
 x - a scroll of poison {unknown}
Potions
 j - a potion of attraction {unknown}
 l - a potion of curing
 m - 2 potions of ambrosia {unknown}
 o - 2 potions of degeneration {unknown}
 r - a potion of heal wounds {unknown}


   Skills:
 + Level 3.4 Fighting
 + Level 2.2 Short Blades
 + Level 2.2 Long Blades
 + Level 2.2 Axes
 + Level 2.2 Maces & Flails
 + Level 2.2 Polearms
 + Level 2.2 Staves
 + Level 2.2 Ranged Weapons
 + Level 2.2 Throwing
 + Level 5.1 Armour
 + Level 3.4 Dodging
 + Level 3.2 Stealth
 + Level 2.2 Shields
 + Level 2.2 Unarmed Combat
 + Level 2.2 Spellcasting
 + Level 1.8 Conjurations
 + Level 1.8 Hexes
 + Level 1.8 Summonings
 + Level 1.8 Necromancy
 + Level 1.8 Translocations
 + Level 1.8 Transmutations
 + Level 1.8 Fire Magic
 + Level 1.8 Ice Magic
 + Level 1.8 Air Magic
 + Level 1.8 Earth Magic
 + Level 1.8 Poison Magic
 + Level 2.4 Invocations
 + Level 6.9 Evocations
 + Level 1.8 Shapeshifting


You had 7 spell levels left.
You knew the following spells:

 Your Spells              Type           Power      Damage    Failure   Level
a - Poisonous Vapours     Pois/Air       22%        N/A       11%         2

Your spell library contained the following spells:

 Spells                   Type           Power      Damage    Failure   Level
 Mephitic Cloud           Conj/Pois/Air  11%        N/A       22%         3
 Freezing Cloud           Conj/Ice/Air   5%         6-21      89%         5


Dungeon Overview and Level Annotations

Branches:
Dungeon (4/15)
 Temple: D:4-7

Altars:
Ashenzari
Hepliaklqana
Kikubaaqudgha
Makhleb
Xom


Innate Abilities, Weirdness & Mutations

Your life essence is reduced to manifest your ancestor. (-10% HP)
You have very sharp teeth.
Your uncanny sense of smell can sniff out nearby items.
Your experience applies equally to all skills.


Message History

The orc wizard is heavily wounded.
The orc wizard closely misses you.
Xiuhtonal hits the orc priest!
You hit the orc wizard.
The orc wizard is severely wounded.
The orc wizard points at you and mumbles some strange words.
The puff of flame hits you.
The orc priest calls down the wrath of Beogh upon you.
Beogh smites you!
* * * LOW HITPOINT WARNING * * *
Xiuhtonal barely misses the orc priest.
You are too injured to fight recklessly!
You are too injured to fight recklessly!
You are too injured to fight recklessly!
You are too injured to fight recklessly!
You are too injured to fight recklessly!
Unknown command.
Xiuhtonal completely misses the orc priest.
Unknown command.
You are too injured to fight recklessly!
Aiming: Throw Flame
Press: ? - help, Shift-Dir - straight line, f - orc wizard
Aim: an orc wizard, wielding a +0 dagger and wearing a +0 robe (severely wounded, ally target, 67% to hit)
The puff of flame hits the orc wizard!
You kill the orc wizard!
Aiming: Throw Flame
Press: ? - help, Shift-Dir - straight line, f - endoplasm
Aim: an endoplasm (98% to hit)
The puff of flame hits the endoplasm.
The endoplasm is almost dead.
The now-empty wand crumbles to dust.
The endoplasm freezes you.
You are frozen.
* * * LOW HITPOINT WARNING * * *
Aiming: Charm
Press: ? - help, Shift-Dir - straight line, f/p - endoplasm
Aim: an endoplasm (almost dead, chance to affect: 80%)
The endoplasm is charmed.
The orc priest mumbles some strange prayers to Beogh against you.
Beogh smites you!
You die...

##### #.... #.### #.# # #.# #
#.# # #.######### #.#
.#.........#################.###
......)..)†.RoJ@................
........##.#################...#
.######.##.# ##...# ###.##.#
#..... #......# #..... #.##.###
#..... #.# ###### #.## ### #..##
###..


You could see the friendly Xiuhtonal the ancestor, an orc priest (ally target)
and a friendly endoplasm (charmed).

Vanquished Creatures
  Sigmund (D:2)
  An ogre (D:4)
  An orc wizard (D:4)
  Robin (D:1)
  2 adders
  An ufetubus (D:4)
  5 worms
  2 dart slugs
  4 ball pythons
  5 endoplasms
  6 giant cockroaches
  5 hobgoblins
  8 jackals
  7 kobolds
  2 quokkas
  2 bats (D:3)
  A frilled lizard (D:1)
  17 goblins
  4 rats (D:1)
75 creatures vanquished.

Vanquished Creatures (collateral kills)
  An orc wizard (D:4)
  An adder (D:4)
  An orc (D:4)
  3 endoplasms (D:4)
  A quokka (D:4)
7 creatures vanquished.

Grand Total: 82 creatures vanquished

Notes
Turn   | Place    | Note
-------+----------+-------------------------------------------
     0 | D:1      | cforsyth the Gnoll Artificer began the quest for the Orb.
     0 | D:1      | Reached XP level 1. HP: 17/17 MP: 1/1
   231 | D:1      | Reached XP level 2. HP: 19/23 MP: 2/2
   559 | D:1      | Reached XP level 3. HP: 24/28 MP: 3/3
   825 | D:2      | Found a hazy altar of Hepliaklqana.
   986 | D:2      | Became a worshipper of Hepliaklqana the Forgotten
  1182 | D:2      | Noticed Robin
  1269 | D:2      | Reached skill level 1 in Invocations
  1354 | D:2      | Noticed Sigmund
  1405 | D:2      | Killed Sigmund
  1406 | D:2      | Reached skill level 1 in Short Blades
  1406 | D:2      | Reached skill level 1 in Long Blades
  1406 | D:2      | Reached skill level 1 in Axes
  1406 | D:2      | Reached skill level 1 in Maces & Flails
  1406 | D:2      | Reached skill level 1 in Polearms
  1406 | D:2      | Reached skill level 1 in Staves
  1406 | D:2      | Reached skill level 1 in Ranged Weapons
  1406 | D:2      | Reached skill level 1 in Throwing
  1406 | D:2      | Reached skill level 1 in Shields
  1406 | D:2      | Reached skill level 1 in Unarmed Combat
  1406 | D:2      | Reached skill level 1 in Spellcasting
  1406 | D:2      | Reached skill level 1 in Conjurations
  1406 | D:2      | Reached skill level 1 in Hexes
  1406 | D:2      | Reached skill level 1 in Summonings
  1406 | D:2      | Reached skill level 1 in Necromancy
  1406 | D:2      | Reached skill level 1 in Translocations
  1406 | D:2      | Reached skill level 1 in Transmutations
  1406 | D:2      | Reached skill level 1 in Fire Magic
  1406 | D:2      | Reached skill level 1 in Ice Magic
  1406 | D:2      | Reached skill level 1 in Air Magic
  1406 | D:2      | Reached skill level 1 in Earth Magic
  1406 | D:2      | Reached skill level 1 in Poison Magic
  1406 | D:2      | Reached skill level 1 in Shapeshifting
  1406 | D:2      | Reached XP level 4. HP: 28/35 MP: 4/6
  1406 | D:2      | Reached XP level 5. HP: 33/41 MP: 4/7
  2046 | D:1      | Killed Robin
  2094 | D:2      | Reached XP level 6. HP: 47/47 MP: 8/8
  3063 | D:3      | Found a faded altar of an unknown god.
  3302 | D:4      | Found an ancient bone altar of Kikubaaqudgha.
  3303 | D:4      | Found a burning altar of Makhleb.
  3305 | D:4      | Found a shimmering altar of Xom.
  3305 | D:4      | Found a broken altar of Ashenzari.
  3318 | D:4      | Reached skill level 5 in Armour
  3337 | D:4      | Reached * piety under Hepliaklqana
  3371 | D:4      | Learned a level 2 spell: Poisonous Vapours
  3858 | D:4      | Killed from afar by an orc priest

Illustrated notes

Levels and vault maps discovered:
D:1:      eino_arrival_tree_alley, layout_basic
D:2:      layout_loops_corners, serial_co_window_serial, co_window_corner_a,
          co_window_cross_1, co_window_corner_a, co_window_of_opportunity_a,
          co_window_corner_a, co_window_corner_ca, co_window_of_opportunity_c,
          co_window_cross_3, co_window_cross_3, co_window_corner_cb,
          co_window_paths_d, co_window_sun, glass_columns_c, glass_columns_c,
          glass_columns_a, glass_columns_a, basic_altar, uniq_sigmund,
          uniq_robin
D:3:      layout_loops_cross, nicolae_overflow_hidden_temple,
          basic_ecumenical_altar
D:4:      layout_basic, chequers_temple_overflow_statue_of_worship

Skill      XL: |  1  2  3  4  5  6 |
---------------+-------------------+-----
Invocations    | 1 2 |  2.4
Fighting       | 3 |  3.4
Short Blades   | 1 2 |  2.2
Long Blades    | 1 2 |  2.2
Axes           | 1 2 |  2.2
Maces & Flails | 1 2 |  2.2
Polearms       | 1 2 |  2.2
Staves         | 1 2 |  2.2
Ranged Weapons | 1 2 |  2.2
Throwing       | 1 2 |  2.2
Dodging        | 3 |  3.4
Shields        | 1 2 |  2.2
Unarmed Combat | 1 2 |  2.2
Spellcasting   | 1 2 |  2.2
Conjurations   | 1 |  1.8
Hexes          | 1 |  1.8
Summonings     | 1 |  1.8
Necromancy     | 1 |  1.8
Translocations | 1 |  1.8
Transmutations | 1 |  1.8
Fire Magic     | 1 |  1.8
Ice Magic      | 1 |  1.8
Air Magic      | 1 |  1.8
Earth Magic    | 1 |  1.8
Poison Magic   | 1 |  1.8
Shapeshifting  | 1 |  1.8
Stealth        | 3 |  3.2
Armour         | 5 |  5.1
Evocations     | |  6.9

Action                     |  1- 3 |  4- 6 || total
---------------------------+-------+-------++-------
  Melee: Club              |   135 |   122 ||   257
         Bite              |    13 |    41 ||    54
         Punch             |       |     1 ||     1
         Short sword       |       |   181 ||   181
   Cast: Poisonous Vapours |       |     3 ||     3
  Evoke: Wand              |     8 |     8 ||    16
    Use: Potion            |     1 |       ||     1
   Stab: Sleeping          |     2 |     2 ||     4
         Distracted        |     1 |     1 ||     2
 Armour: Leather armour    |    41 |   107 ||   148
  Dodge: Dodged            |   104 |   183 ||   287

Table legend: (Time is in decaauts)
 A = Elapsed time spent in this place.
 B = Non-inter-level travel time spent in this place.
 C = Inter-level travel time spent in this place.
 D = Time resting spent in this place.
 E = Time spent auto-exploring this place.
 F = Levels seen in this place.
 G = Mean time per level.
                   A        B        C        D        E       F      G
               +--------+--------+--------+--------+--------+-----+--------+
         Total |   3905 |   3772 |    133 |     26 |   2765 |   4 |  976.2 |
       Dungeon |   3905 |   3772 |    133 |     26 |   2765 |   4 |  976.2 |
               +--------+--------+--------+--------+--------+-----+--------+

Top non-repeatable levels by time:
     D:2: 1663 daAuts
     D:3: 887 daAuts
     D:1: 733 daAuts
     D:4: 620 daAuts
